 Dungeon Crawl Stone Soup version 0.19-a0-1852-gc11d922 (webtiles) character file.

30 Psiweapon the Vexing (level 3, 0/24 HPs)
             Began as a Vampire Enchanter on Oct 11, 2016.
             Slain by Crazy Yiuf
             ... wielding a +2 quarterstaff of chaos
              (8 damage)
             ... on level 2 of the Dungeon.
             The game lasted 00:04:24 (1772 turns).

Psiweapon the Vexing (Vampire Enchanter)            Turns: 1772, Time: 00:04:25

Health: 0/24       AC:  3    Str:  7    XL:     3   Next: 5%
Magic:  1/6        EV: 13    Int: 17    God:
Gold:   98         SH:  0    Dex: 15    Spells: 2 memorised, 3 levels left

rFire  . . .     SeeInvis +     n - +1 short sword (speed)
rCold  + . .     Gourm    .     b - +1 robe
rNeg   + + .     Faith    .     (no shield)
rPois  +         Spirit   .     (no helmet)
rElec  .         Dismiss  .     (no cloak)
rCorr  .         Reflect  .     (no gloves)
MR     .....     Harm     .     (no boots)
Stlth  ++++......               (no amulet)
                                (no ring)
                                (no ring)

@: regenerating slowly
A: fangs 3, see invisible, unbreathing
a: Bat Form


You were on level 2 of the Dungeon.
You were near bloodless.

You visited 1 branch of the dungeon, and saw 4 of its levels.

You collected 98 gold pieces.

Inventory:

Hand Weapons
 a - a +1 dagger
 n - a +1 short sword of speed (weapon)
 p - a +4 mace
 t - a cursed -2 spear
Armour
 b - a +1 robe (worn)
Jewellery
 e - an uncursed ring of fire
 s - an uncursed ring of see invisible
Scrolls
 f - a scroll of identify {unknown}
 h - 2 scrolls of teleportation {unknown}
 j - a scroll of random uselessness {unknown}
 m - 2 scrolls of remove curse {unknown}
 o - a scroll of enchant weapon {unknown}
 r - a scroll of recharging {unknown}
Potions
 d - 8 potions of blood
 g - 3 potions of flight {unknown}
 i - a potion of cure mutation {unknown}
 k - 2 potions of heal wounds {unknown}
 l - a potion of curing {unknown}
 q - a potion of brilliance {unknown}
Books
 c - a book of Maledictions

   Spells                             Type                      Level
   a - Corona                         Hexes                        1
   b - Ensorcelled Hibernation        Hexes/Ice                    2
   c - Confuse                        Hexes                        3
   d - Tukima's Dance                 Hexes                        3
   e - Dazzling Spray                 Conjuration/Hexes            3


   Skills:
 * Level 2.8 Short Blades
 - Level 2.1 Dodging
 - Level 4.4 Stealth
 - Level 2.0 Spellcasting
 - Level 5.0 Hexes
 + Level 0.0 Ice Magic


You had 3 spell levels left.
You knew the following spells:

 Your Spells              Type           Power        Failure   Level  Hunger
a - Corona                Hex            ###....      2%          1    #......
b - Ensorcelled Hibernat  Hex/Ice        ##....       12%         2    ###....


Dungeon Overview and Level Annotations

Branches:
Dungeon (4/15)
 Temple: D:4-7

Altars:
Ashenzari

Annotations:
D:2 Crazy Yiuf


Innate Abilities, Weirdness & Mutations

You heal slowly.
You have razor-sharp teeth.
You have supernaturally acute eyesight. (SInv)
You can survive without breathing.


Message History

Aiming: Corona
Press: ? - help, Shift-Dir - straight line, f/p - Crazy Yiuf
Aim: Crazy Yiuf, wielding a quarterstaff of chaos and wearing an embroidered cloak (severely wounded, chance to defeat MR: 65%) Crazy Yiuf is outlined in light.
Crazy Yiuf hits you with a quarterstaff of chaos!
* * * LOW HITPOINT WARNING * * *
You feel your power leaking away.
You hit Crazy Yiuf but do no damage.
Crazy Yiuf is severely wounded.
Crazy Yiuf barely misses you.
You hit Crazy Yiuf but do no damage.
Crazy Yiuf is severely wounded.
Crazy Yiuf barely misses you.
You hit Crazy Yiuf.
Crazy Yiuf is almost dead.
You hit Crazy Yiuf but do no damage. You bite Crazy Yiuf.
You draw Crazy Yiuf's blood!
You feel better.
You feel slightly less thirsty.
Crazy Yiuf is almost dead.
Crazy Yiuf hits you with a quarterstaff of chaos!
You die...

##...####....#
##..# #....#
#.## ♣....♣
##.# ♣♣...♣
#..# ♣♣.♣♣
#..## ♣♣.♣
###.#.# ♣.♣♣
##...#.# ♣♣.♣
#......# ♣@♣♣
#...<.## ##g##
#.....# #...#
##...## #...#
#...# #)..#
##### #####


You could see Crazy Yiuf.

Vanquished Creatures
  An adder (D:3)
  A worm (D:2)
  A dart slug (D:1)
  A leopard gecko (D:4)
  A bat (D:1)
  A giant cockroach (D:1)
  A goblin (D:2)
  A hobgoblin (D:1)
  4 frilled lizards
  3 kobolds
  3 rats
18 creatures vanquished.

Notes
Turn   | Place    | Note
-------+----------+-------------------------------------------
     0 | D:1      | Psiweapon the Vampire Enchanter began the quest for the Orb.
     0 | D:1      | Reached XP level 1. HP: 13/13 MP: 3/3
   560 | D:1      | Reached XP level 2. HP: 16/19 MP: 3/5
   911 | D:4      | Noticed a scorpion
   989 | D:2      | Reached skill level 5 in Hexes
  1059 | D:3      | Found a shattered altar of Ashenzari.
  1649 | D:2      | Learned a level 2 spell: Ensorcelled Hibernation
  1724 | D:2      | Reached XP level 3. HP: 24/24 MP: 3/6
  1736 | D:2      | Found a runed door.
  1754 | D:2      | Noticed Crazy Yiuf
  1772 | D:2      | Slain by Crazy Yiuf

Vault maps used:
D:1:      shiori_arrival_maze, nemelex_altar_shiori
D:2:      lemuel_coloured_pillars_altar, kennysheep_generic_room_9,
          uniq_sigmund, uniq_crazy_yiuf_cottage, uniq_robin, uniq_jessica
D:3:      gammafunk_temple_overflow_pools, first_bread, minivault_4,
          nicolae_ashenzari_panopticon
D:4:      enter_ossuary_3, minmay_item_behind_shaft

Skill      XL: |  1  2 |
---------------+-------+-----
Short Blades   | 2 |  2.8
Hexes          | 5 |  5.0
Dodging        | |  2.1
Stealth        | |  4.4
Spellcasting   | |  2.0

Action                   || total
-------------------------++-------
Melee: Dagger            ||    59
       Bite              ||     4
       Short sword       ||    29
 Cast: Corona            ||     7
       Ensorcelled Hiber ||     3
 Stab: Sleeping          ||     8
Armor: Robe              ||    13
Dodge: Dodged            ||    46
